 Dungeon Crawl Stone Soup version 0.27.0-66-gdc8fb28755 (webtiles) character file.

Game seed: 15151450958439674453

175 funkygono the Firebug (level 5, 0/28 HPs)
             Began as a Gargoyle Fire Elementalist on Aug 20, 2021.
             Splashed by Ijyb's acid (12 damage)
             ... on level 3 of the Dungeon.
             The game lasted 00:04:29 (3126 turns).

funkygono the Firebug (Gargoyle Fire Elementalist)  Turns: 3126, Time: 00:04:30

Health: 0/28       AC:  7    Str: 11    XL:     5   Next: 55%
Magic:  5/9        EV: 12    Int: 17    God:
Gold:   88         SH:  0    Dex: 10    Spells: 6/10 levels left

rFire    . . .     SeeInvis .   p - +4 whip
rCold    . . .     Faith    .   (no shield)
rNeg     + . .     Spirit   .   a - +0 robe
rPois    ∞         Reflect  .   n - +0 helmet
rElec    +         Harm     .   (no cloak)
rCorr    .         Rampage  .   (no gloves)
Will     .....                  (no boots)
Stlth    ++........             i - amulet of the acrobat
HPRegen  0.09/turn              (no ring)
MPRegen  0.11/turn              (no ring)

@: no status effects
A: sickness immunity, AC +4, negative energy resistance 1, electricity
resistance, torment resistance 1, petrification resistance
a: no special abilities


You were on level 3 of the Dungeon.
You visited 1 branch of the dungeon, and saw 3 of its levels.

You collected 88 gold pieces.

Inventory:

Hand Weapons
 e - a +2 mace of protection
 p - a +4 whip (weapon)
Missiles
 c - 52 stones
Armour
 a - a +0 robe (worn)
 n - a +0 helmet (worn)
 o - a +0 leather armour
Jewellery
 i - an amulet of the acrobat (around neck)
Scrolls
 b - a scroll of immolation {unknown}
 f - a scroll of enchant armour {unknown}
 g - a scroll of enchant weapon {unknown}
 h - a scroll of fear {unknown}
Potions
 j - a potion of brilliance {unknown}
 k - a potion of attraction {unknown}
 l - a potion of lignification {unknown}
 m - a potion of haste {unknown}


   Skills:
 + Level 0.4 Fighting
 + Level 0.9 Maces & Flails
 + Level 2.3 Dodging
 - Level 2.1 Stealth
 + Level 3.0 Spellcasting
 + Level 2.4 Conjurations
 + Level 4.3 Fire Magic


You had 6 spell levels left.
You knew the following spells:

 Your Spells              Type           Power      Damage    Failure   Level
a - Foxfire               Conj/Fire      56%        2x1d6     4%          1
b - Conjure Flame         Conj/Fire      14%        6-21      13%         3

Your spell library contained the following spells:

 Spells                   Type           Power      Damage    Failure   Level
 Static Discharge         Conj/Air       6%         N/A       16%         2
 Inner Flame              Hex/Fire       9%         N/A       22%         3
 Sticky Flame             Conj/Fire      14%        2d4       41%         4
 Fireball                 Conj/Fire      7%         3d5       77%         5
 Lightning Bolt           Conj/Air       3%         1d14      96%         5
 Maxwell's Capacitive Co  Air            1%         ∞         100%        8


Dungeon Overview and Level Annotations

Branches:
Dungeon (3/15)

Altars:
Zin

Annotations:
D:3 Ijyb


Innate Abilities, Weirdness & Mutations

You are immune to sickness and miasma.
Your stone body is resilient. (AC +4)
You are immune to poison.
You resist negative energy. (rN+)
You are resistant to electric shocks. (rElec)
You are resistant to unholy torment.
You are immune to petrification.


Message History

Things that are here:
a +4 whip; a kobold corpse
p - a +4 whip You drop a +0 whip.
Your +2 mace of protection goes still.
p - a +4 whip (weapon)
Magic restored.
HP restored.
Things that are here:
a +0 hand axe; a +0 chain mail; an orc corpse You now have 88 gold pieces (gained 17).
Ijyb the Twisted Goblin comes into view.
She is wielding a +0 dagger, wearing a +1 leather armour of poison resistance and carrying a wand of acid (13).
Casting: Foxfire (safe; 4% risk of failure)
Confirm with . or Enter, or press ? or * to list all spells.
You conjure some foxfire!
Ijyb shouts!
Casting: Foxfire (safe; 4% risk of failure)
Confirm with . or Enter, or press ? or * to list all spells.
You conjure some foxfire!
The foxfire hits Ijyb but does no damage.
Unknown command.
Casting: Foxfire (safe; 4% risk of failure)
Confirm with . or Enter, or press ? or * to list all spells.
You conjure some foxfire!
The foxfire hits Ijyb.
Ijyb is lightly wounded.
The foxfire hits Ijyb but does no damage.
Ijyb is lightly wounded.
Unknown command.
Casting: Foxfire (safe; 4% risk of failure)
Confirm with . or Enter, or press ? or * to list all spells.
You conjure some foxfire!
The foxfire hits Ijyb.
Ijyb is moderately wounded.
The foxfire hits Ijyb.
Ijyb is moderately wounded.
The foxfire hits Ijyb but does no damage.
Ijyb is moderately wounded.
Ijyb zaps a wand.
The bolt of acid hits you!
Ouch! That really hurt!
You are splashed with acid!
You die...

#g# #... ##.#####..# #
#### .g......... .#...#
.#######..# ###.##.##
.#######..####.......#
.......#..#.##......##
.#####.#...#.........#..
.# ##.##.#.##.v§§§..'..
.# ##.#.#.####.v@§§.g'..
####.###..######§##..#..
....## ##........# ##
####†###.#########
....#)#.#####
###...).....#
####.####.# ######.#
.......#


You could see Ijyb (ally target).

Vanquished Creatures
  Natasha (thrice) (D:2)
  Robin (D:3)
  A gnoll (D:1)
  2 adders (D:2)
  A worm (D:2)
  An orc (D:3)
  2 bats (D:1)
  5 endoplasms
  4 giant cockroaches
  11 hobgoblins
  6 jackals (D:1)
  6 kobolds
  A quokka (D:1)
  A ball python (D:2)
  2 frilled lizards
  6 goblins
  3 rats
56 creatures vanquished.

Vanquished Creatures (others)
  172 foxfires
172 creatures vanquished.

Grand Total: 228 creatures vanquished

Notes
Turn   | Place    | Note
-------+----------+-------------------------------------------
     0 | D:1      | funkygono the Gargoyle Fire Elementalist began the quest
                  | for the Orb.
     0 | D:1      | Reached XP level 1. HP: 10/10 MP: 3/3
   163 | D:1      | Reached XP level 2. HP: 15/15 MP: 0/5
   448 | D:1      | Reached XP level 3. HP: 7/19 MP: 1/6
   652 | D:1      | Learned a level 3 spell: Conjure Flame
  1404 | D:2      | Noticed Natasha
  1734 | D:2      | Killed Natasha
  1735 | D:2      | Reached XP level 4. HP: 24/24 MP: 0/7
  2028 | D:2      | Noticed Natasha
  2033 | D:2      | Killed Natasha
  2034 | D:2      | Reached skill level 4 in Fire Magic
  2034 | D:2      | Reached XP level 5. HP: 28/28 MP: 0/9
  2239 | D:2      | Noticed Natasha
  2242 | D:2      | Killed Natasha
  2306 | D:2      | Found a glowing silver altar of Zin.
  2799 | D:3      | Noticed Robin
  2922 | D:3      | Killed Robin
  3122 | D:3      | Noticed Ijyb
  3126 | D:3      | Splashed by Ijyb's acid

Illustrated notes

Levels and vault maps discovered:
D:1:      onia_arrival_pyramid, layout_basic, minmay_misc_feat_secret_circle
D:2:      layout_basic, basic_altar, uniq_natasha
D:3:      layout_loops_ring, lemuel_tele_altar,
          ebering_ecumenical_altar_abandoned, kennysheep_cross_room,
          kennysheep_generic_room_10, uniq_robin, uniq_grinder, uniq_ijyb

Skill      XL: |  1  2  3  4  5 |
---------------+----------------+-----
Dodging        | 2 |  2.3
Conjurations   | 2 |  2.4
Fire Magic     | 4 |  4.3
Spellcasting   | 3 |  3.0
Fighting       | |  0.4
Maces & Flails | |  0.9
Stealth        | |  2.1

Action                   |  1- 3 |  4- 6 || total
-------------------------+-------+-------++-------
Melee: Whip              |    11 |       ||    11
       Unarmed           |     2 |       ||     2
       Mace              |     9 |    32 ||    41
 Cast: Foxfire           |    50 |    50 ||   100
Armor: Robe              |    13 |    15 ||    28
Dodge: Dodged            |    24 |    37 ||    61
